 Dungeon Crawl Stone Soup version 0.32-a0-42-ga30500b4d3 (webtiles) character file.

Game seed: 4643227135914776681

5139 Ambrosia the Fighter (level 10, -2/71 (83) HPs)
             Began as a Demonspawn Gladiator on Feb 2, 2024.
             Was a High Priest of Okawaru.
             Killed by divine providence
             ... invoked by Jeremiah
              (10 damage)
             ... on level 9 of the Dungeon.
             The game lasted 00:11:41 (10555 turns).

Ambrosia the Fighter (Demonspawn Gladiator)        Turns: 10555, Time: 00:11:42

HP:   -2/71 (83)    AC: 22    Str: 18    XL:     10   Next: 33%
MP:   15/15         EV:  7    Int: 15    God:    Okawaru [*****.]
Gold: 530           SH:  0    Dex: 15    Spells: 9/9 levels left

rFire   . . .        a - +0 quarterstaff (heavy)
rCold   . . .        (shield currently unavailable)
rNeg    . . .        r - +2 plate armour {Will+}
rPois   .            c - +0 helmet
rElec   +            g - +0 cloak
rCorr   .            (no gloves)
SInv    .            o - +0 pair of boots
Will    ++++.        s - amulet of faith {Faith, !P} Stlth
                     d - ring of Xahushum {Fly rElec Will+++ Int+6 Slay-2}
HPRegen 0.31/turn    A - ring of wizardry {wiz+}
MPRegen 0.14/turn

%: faith, wizardry (x1)
@: mighty, about to teleport, flying, heavily drained
A: hooves 2, molten scales 2, powered by death 1, powered by pain 1
a: Renounce Religion, Heroism, Finesse, Duel


You were on level 9 of the Dungeon.
You worshipped Okawaru.
Okawaru was extremely pleased with you.
You visited 2 branches of the dungeon, and saw 10 of its levels.
You also visited: Ossuary.

You collected 530 gold pieces.

Inventory:

Hand Weapons
 a - a +0 heavy quarterstaff (weapon)
Missiles
 e - 6 javelins
 y - 2 throwing nets {=f, !d}
Armour
 c - a +0 helmet (worn)
 g - a +0 cloak (worn)
   (You found it on level 1 of the Dungeon)
 o - a +0 pair of boots (worn)
   (You found it on level 3 of the Dungeon)
 r - a +2 plate armour of willpower (worn)
   (You found it on level 4 of the Dungeon)
Jewellery
 d - the ring of Xahushum (left hand) {Fly rElec Will+++ Int+6 Slay-2}
   (You took it off an orc on level 7 of the Dungeon)

   [ring of intelligence]

   Int+6:     It affects your intelligence (+6).
   Slay-2:    It affects your accuracy & damage with ranged weapons and melee
   (-2).
   rElec:     It insulates you from electricity.
   Will+++:   It greatly increases your willpower.
   Fly:       It grants you flight.
 s - an amulet of faith (around neck) {Faith, !P}
   (You found it on level 5 of the Dungeon)
 A - a ring of wizardry (right hand) {wiz+}
   (You found it on level 7 of the Dungeon)
Wands
 m - a wand of roots (7)
   (You found it on level 3 of the Dungeon)
Scrolls
 b - a scroll of enchant armour
 f - 6 scrolls of brand weapon
 i - a scroll of immolation {!r}
 w - 2 scrolls of fear
 z - 3 scrolls of identify {@r1}
Potions
 h - 3 potions of curing {@q1, !d}
 j - a potion of attraction {!q}
 k - 2 potions of magic {unknown}
 l - 4 potions of degeneration {unknown}
 n - 2 potions of ambrosia {unknown}
 p - a potion of cancellation {unknown}
 q - 3 potions of heal wounds {unknown}
 t - 3 potions of lignification {unknown}
 v - a potion of haste {unknown}
 x - a potion of enlightenment {unknown}
 B - a potion of berserk rage {unknown}


   Skills:
 * Level 9.3 Fighting
 + Level 6.4 Staves
 - Level 1.7 Throwing
 * Level 8.2 Armour
 - Level 2.6 Dodging
 * Level 7.3 Invocations


You had 9 spell levels left.
You didn't know any spells.
Your spell library contained the following spells:

 Spells                   Type           Power      Damage    Failure   Level
 Jinxbite                 Hex            0%         N/A       98%         2
 Passage of Golubria      Tloc           0%         N/A       100%        4
 Silence                  Hex/Air        0%         N/A       100%        5
 Yara's Violent Unravell  Hex/Alch       0%         3d3       100%        5
 Enfeeble                 Hex            0%         N/A       100%        7
 Lehudib's Crystal Spear  Conj/Erth      0%         10d2      100%        8


Dungeon Overview and Level Annotations

Branches:
Dungeon (9/15) Zot: 26375  Temple (1/1) D:7 Zot: 5998    Lair (0/5) D:8
Ossuary (visited)
    Orc: D:9-12

Altars:
Ashenzari
Cheibriados
Dithmenos
Fedhas
Gozag
Hepliaklqana
Kikubaaqudgha
Makhleb
Nemelex Xobeh
Okawaru
Qazlal
Ru
Sif Muna
Trog
Uskayaw
Vehumet
Wu Jian
Xom
Yredelemnul

Shops:
D:2 :   D:4 :   D:6 (

Annotations:
D:7 1 runed translucent door, yleetSyT's ghost, novice DEIE
D:9 Jeremiah


Innate Abilities, Weirdness & Mutations

You have hoof-like feet.
You are mostly covered in molten scales. (AC +3)
You regenerate a little health from kills.
You sometimes gain a little power by taking damage.


Message History

The centaur hits you but does no damage.
The centaur barely misses you.
You take 6 damage, and have 53/80 hp.
Hit: a) +0 quarterstaff (heavy)
Press: ? - help, Dir - move target, f/p - centaur
Aim: a centaur (lightly wounded, about 25% to evade your +0 heavy quarterstaff)
You closely miss the centaur. The centaur hits you.
The centaur kicks you but does no damage.
Jeremiah hits you but does no damage.
You feel drained.
The centaur hits you but does no damage.
The centaur kicks you but does no damage.
Jeremiah barely misses you.
You take 5 damage, and have 48/79 hp.
Hit: a) +0 quarterstaff (heavy)
Press: ? - help, Dir - move target, f/p - centaur
Aim: a centaur (lightly wounded, about 25% to evade your +0 heavy quarterstaff)
You barely miss the centaur.
The butterfly disappears in a burst of colours!
The centaur barely misses you.
The centaur kicks you but does no damage.
Jeremiah hits you from afar with a +4 trident of draining.
You feel drained.
The centaur hits you but does no damage.
The centaur kicks you but does no damage.
You take 3 damage, and have 45/77 hp.
Hit: a) +0 quarterstaff (heavy)
Press: ? - help, Dir - move target, f/p - centaur
Aim: a centaur (lightly wounded, about 25% to evade your +0 heavy quarterstaff)
You thump the centaur!
The butterfly disappears in a burst of colours! x4
The centaur hits you but does no damage.
The centaur kicks you but does no damage.
Jeremiah hops!
The centaur barely misses you.
The centaur kicks you but does no damage.
Jeremiah throws their arms up pleadingly.
Something smites you!
You focus on the pain.
You feel very mighty all of a sudden. The centaur completely misses you.
The centaur kicks you but does no damage.
You take 11 damage, and have 34/77 hp.
Unknown command.
Hit: a) +0 quarterstaff (heavy)
Press: ? - help, Dir - move target, f/p - centaur
Aim: a centaur (severely wounded, about 25% to evade your +0 heavy quarterstaff)
You bludgeon the centaur!!
You kill the centaur!
Okawaru accepts your kill.
The butterfly disappears in a burst of colours! x2
Jeremiah hits you but does no damage.
You feel drained.
Hit: a) +0 quarterstaff (heavy)
Press: ? - help, Dir - move target, f - you
Okay, then.
The butterfly disappears in a burst of colours!
Jeremiah hits you with a +4 trident of draining.
You feel drained.
You take 2 damage, and have 33/76 hp.
Hit: a) +0 quarterstaff (heavy)
Press: ? - help, Dir - move target, f - Jeremiah
Aim: Jeremiah, wielding a +4 trident of draining, wearing a +2 robe of fire resistance and wearing an orb of mayhem (about 41% to evade your +0 heavy quarterstaff)
You barely miss Jeremiah.
The butterfly disappears in a burst of colours!
Jeremiah mumbles a slurred invocation.
Something smites you! Jeremiah barely misses you.
You take 7 damage, and have 26/76 hp.
Hit: a) +0 quarterstaff (heavy)
Press: ? - help, Dir - move target, f/p - Jeremiah
Aim: Jeremiah, wielding a +4 trident of draining, wearing a +2 robe of fire resistance and wearing an orb of mayhem (about 41% to evade your +0 heavy quarterstaff)
You barely miss Jeremiah.
The butterfly disappears in a burst of colours! x5
Jeremiah barely misses you.
Hit: a) +0 quarterstaff (heavy)
Press: ? - help, Dir - move target, f/p - Jeremiah
Aim: Jeremiah, wielding a +4 trident of draining, wearing a +2 robe of fire resistance and wearing an orb of mayhem (about 41% to evade your +0 heavy quarterstaff)
You closely miss Jeremiah.
The butterfly disappears in a burst of colours!
Jeremiah hits you with a +4 trident of draining!
* * * LOW HITPOINT WARNING * * *
You feel drained.
* * * LOW HITPOINT WARNING * * *
Jeremiah hits you with a +4 trident of draining.
* * * LOW HITPOINT WARNING * * *
You feel drained.
* * * LOW HITPOINT WARNING * * *
You take 18 damage, and have 8/72 hp.
MASSIVE DAMAGE!!
Okay, then.
Really read
u - a scroll of teleportation {!r!d, @r3}?
As you read the scroll of teleportation {!r!d, @r3}, it crumbles to dust.
You feel strangely unstable.
The butterfly disappears in a burst of colours! x3
Jeremiah hits you but does no damage.
You feel drained.
Unknown command.
Unknown command.
The butterfly disappears in a burst of colours! x4
Jeremiah throws their arms up pleadingly.
Something smites you!
You die...
Jeremiah says, "O terrible one, your will is done."

..#.#.########.# #
#..........#.#
###.......##.#.#
....b.........#
#..b.b..##.###
#b.bbb..##.#
#..bFb..##.#
#..bbbb.##.#
#..b@bb.##.#
#.......#..#
#...b.....##
..................#
.######...#######.#
#..### #.## #..
...#


You could see Jeremiah.

Vanquished Creatures
  A komodo dragon (D:8)
  Maggie (D:7)
  13 yaks (D:8 D:9)
  A wyvern (D:5)
  2 water moccasins (D:5 D:8)
  3 orc warriors (D:6 D:7 D:8)
  3 black bears (D:6 D:8)
  2 sky beasts (D:6 D:7)
  4 centaurs (D:6 D:8 D:9)
  A weeping skull (Ossuary)
  A bullfrog (D:8)
  A kobold brigand (D:8)
  4 water moccasin zombies (Ossuary)
  4 orc priests (D:4 D:7)
  A bombardier beetle (D:6)
  4 hounds (D:5 D:7)
  A gnoll bouda (D:8)
  A sleepcap (D:8)
  4 iguanas (D:4 D:6 D:8)
  7 orc wizards (D:3 D:7 D:8)
  2 crocodile zombies (Ossuary)
  2 mummies (Ossuary)
  Robin (D:4)
  4 adders (D:2 D:6)
  3 gnolls (D:8)
  A shadow imp (D:5)
  2 white imps (D:8)
  2 dart slugs (D:1 D:2)
  2 ribbon worms (D:2)
  25 orcs (D:3 D:4 D:5 D:6 D:7)
  2 ball pythons (D:2)
  4 bats (D:1 D:2 D:3)
  11 endoplasms (D:1 D:2 D:3)
  2 giant cockroaches (D:2 D:3)
  11 gnoll zombies (Ossuary)
  15 goblins (D:1 D:2 D:3 D:4)
  14 hobgoblins (D:1 D:2 D:3 D:4)
  14 jackals (D:3 D:4)
  A quokka (D:1)
  3 frilled lizards (D:2 D:3)
  2 jackal zombies (Ossuary)
  6 kobolds (D:1 D:4 D:8)
  3 orc zombies (Ossuary)
  5 rats (D:1 D:2 D:3)
196 creatures vanquished.

Notes
Turn   | Place    | Note
-------+----------+-------------------------------------------
     0 | D:1      | Ambrosia the Demonspawn Gladiator began the quest for the
                  | Orb.
     0 | D:1      | Reached XP level 1. HP: 16/16 MP: 1/1
    21 | D:1      | HP: 7/16 [endoplasm (3)]
   227 | D:1      | HP: 8/16 [hobgoblin (3)]
   232 | D:1      | Gained mutation: You are partially covered in molten
                  | scales. (AC +2) [demonic ancestry]
   232 | D:1      | Reached XP level 2. HP: 14/23 MP: 2/2
   246 | D:1      | Reached skill level 1 in Armour
   810 | D:2      | Reached XP level 3. HP: 26/28 MP: 3/3
   917 | D:2      | Reached skill level 3 in Staves
   981 | D:2      | HP: 14/28 [adder (2)]
  1139 | D:2      | Reached skill level 3 in Fighting
  1506 | D:2      | Found Ughyt's Book Shoppe.
  1549 | D:2      | Reached skill level 2 in Armour
  1549 | D:2      | Gained mutation: You are mostly covered in molten scales.
                  | (AC +3) [demonic ancestry]
  1549 | D:2      | Reached XP level 4. HP: 35/35 MP: 4/4
  1683 | D:3      | HP: 16/35 [orc wizard/magic dart (5)]
  1690 | D:3      | HP: 9/35 [jackal (2)]
  1696 | D:3      | HP: 4/35 [jackal (3)]
  2197 | D:3      | Found an iron altar of Okawaru.
  2240 | D:3      | Became a worshipper of Warmaster Okawaru
  2325 | D:3      | Found a radiant altar of Vehumet.
  2334 | D:3      | Found a sparkling altar of Nemelex Xobeh.
  2343 | D:3      | Found a hazy altar of Hepliaklqana.
  2346 | D:3      | Found an opulent altar of Gozag.
  2522 | D:4      | HP: 7/36 [orc priest/divine providence (15)]
  2863 | D:4      | Reached XP level 5. HP: 24/41 MP: 5/5
  3039 | D:4      | HP: 18/42 [orc/+0 hand axe (5)]
  3296 | D:4      | Noticed Robin
  3445 | D:4      | Killed Robin
  3446 | D:4      | Reached skill level 4 in Fighting
  3451 | D:3      | HP: 19/42 [goblin/+0 club (5)]
  3697 | D:4      | Reached skill level 3 in Armour
  3869 | D:4      | Found Atuid's Book Shoppe.
  4211 | D:5      | Entered Level 5 of the Dungeon
  4311 | D:5      | Gained mutation: You regenerate a little health from kills.
                  | [demonic ancestry]
  4311 | D:5      | Reached XP level 6. HP: 46/49 MP: 6/6
  4634 | D:5      | Noticed a water moccasin
  4639 | D:5      | Killed a water moccasin
  4639 | D:5      | Reached * piety under Okawaru
  4734 | D:5      | Noticed a wyvern
  4739 | D:5      | HP: 18/49 [wyvern (9)]
  4742 | D:5      | Killed a wyvern
  4743 | D:5      | Reached skill level 5 in Fighting
  4743 | D:5      | Reached skill level 4 in Armour
  4743 | D:5      | Gained mutation: You have large cloven feet. [demonic
                  | ancestry]
  4743 | D:5      | Reached XP level 7. HP: 24/56 MP: 7/7
  4973 | D:5      | Found a sacrificial altar of Ru.
  4973 | D:5      | Found a shimmering altar of Xom.
  5177 | D:6      | Reached skill level 4 in Staves
  5354 | D:6      | Found Ahopliac's Antique Weapon Boutique.
  5430 | D:6      | Identified the +5 whip of Hepliaklqana's Envy {flame,
                  | Int+3}
  6099 | D:7      | Found a sand-covered staircase.
  6149 | Ossuary  | Entered an ossuary
  6178 | Ossuary  | Reached ** piety under Okawaru
  6205 | Ossuary  | Reached skill level 6 in Fighting
  6205 | Ossuary  | Reached skill level 5 in Armour
  6248 | Ossuary  | Reached XP level 8. HP: 64/64 MP: 8/8
  6491 | D:7      | HP: 32/65 [iguana (5)]
  6874 | D:7      | Identified the ring of Xahushum {Fly rElec Will+++ Int+6
                  | Slay-2}
  7028 | D:6      | Reached skill level 7 in Fighting
  7028 | D:6      | Reached skill level 5 in Staves
  7028 | D:6      | Reached skill level 6 in Armour
  7049 | D:6      | HP: 31/67 [orc warrior/+0 flail (5)]
  7050 | D:6      | Reached *** piety under Okawaru
  7296 | D:7      | Found a staircase to the Ecumenical Temple.
  7317 | D:7      | HP: 33/67 [something (2)]
  7319 | D:7      | Reached skill level 1 in Invocations
  7324 | D:7      | HP: 29/67 [something/magic dart (4)]
  7596 | D:7      | Noticed yleetSyT's ghost (novice DEIE)
  7606 | D:7      | Found a runed translucent door.
  7788 | D:7      | Found a shadowy altar of Dithmenos.
  7923 | D:7      | Noticed Maggie
  7931 | D:7      | Killed Maggie
  7932 | D:7      | Reached skill level 2 in Invocations
  7932 | D:7      | Gained mutation: You have hoof-like feet. [demonic
                  | ancestry]
  7932 | D:7      | Reached XP level 9. HP: 61/73 MP: 10/10
  8027 | D:7      | Found a blossoming altar of Fedhas.
  8173 | Temple   | Entered the Ecumenical Temple
  8237 | D:8      | Reached skill level 3 in Invocations
  8560 | D:8      | Reached skill level 8 in Fighting
  8566 | D:8      | HP: 34/74 [yak (8)]
  8851 | D:8      | Reached skill level 7 in Armour
  8851 | D:8      | Reached skill level 4 in Invocations
  8861 | D:8      | Reached **** piety under Okawaru
  8862 | D:8      | Reached skill level 5 in Invocations
  8908 | D:8      | Reached skill level 6 in Staves
  8957 | D:8      | Found a bloodstained altar of Trog.
  9148 | D:8      | HP: 33/75 [black bear (9)]
  9150 | D:8      | Reached skill level 6 in Invocations
  9153 | D:8      | HP: 14/75 [orc warrior/bolt (11)]
  9158 | D:8      | HP: 19/75 [black bear (2)]
  9166 | D:8      | HP: 37/75 [orc warrior/+2 mace of protection (3)]
  9171 | D:8      | Reached ***** piety under Okawaru
  9312 | D:8      | Noticed a komodo dragon
  9313 | D:8      | Found a staircase to the Lair.
  9320 | D:8      | HP: 33/75 [komodo dragon (22)]
  9322 | D:8      | Killed a komodo dragon
  9323 | D:8      | Reached skill level 9 in Fighting
  9323 | D:8      | Gained mutation: You sometimes gain a little power by
                  | taking damage. [demonic ancestry]
  9323 | D:8      | Reached XP level 10. HP: 39/83 MP: 14/14
  9595 | D:8      | Found a shimmering blue altar of Sif Muna.
  9603 | D:8      | TheSexyCheese: hmmmmmmmmmmmmmmmmmmmmmmmmmmmmm
  9607 | D:8      | Ambrosia: hi
  9607 | D:8      | TheSexyCheese: better not be explore mode
  9607 | D:8      | Ambrosia: nah
  9607 | D:8      | TheSexyCheese: good
  9607 | D:8      | Ambrosia: I had a decent run but died in shoals
  9607 | D:8      | Ambrosia: ):
  9932 | D:8      | Ambrosia: but now
  9932 | D:8      | TheSexyCheese: shoals can be awful
  9932 | D:8      | Ambrosia: I am bostaffing every enemies ass
  9938 | D:8      | Ambrosia: w/ okawaru
  9938 | D:8      | Ambrosia: ye
  9938 | D:8      | Ambrosia: it can
 10033 | D:9      | HP: 41/83 [yak (5)]
 10034 | D:9      | Reached skill level 8 in Armour
 10040 | D:8      | HP: 40/83 [yak (1)]
 10045 | D:8      | HP: 36/83 [yak (4)]
 10047 | D:8      | Reached skill level 7 in Invocations
 10297 | D:9      | HP: 36/83 [yak (7)]
 10539 | D:9      | Noticed Jeremiah
 10548 | D:9      | HP: 34/77 [Jeremiah/divine providence (11)]
 10553 | D:9      | HP: 19/76 [Jeremiah/+4 trident of draining (8)]
 10553 | D:9      | HP: 9/74 [Jeremiah/+4 trident of draining (6)]
 10555 | D:9      | Killed from afar by Jeremiah

Illustrated notes

Levels and vault maps discovered:
D:1:      lemuel_arrival_hallway, layout_loops_cross
D:2:      layout_basic, serial_shops, shop
D:3:      layout_rooms, mainiacjoe_overflow_small_starburst,
          grunt_temple_overflow_cloverleaf, minmay_misc_feat_five,
          kennysheep_generic_room_10
D:4:      layout_cave_pools, serial_shops, nicolae_shop_tiny_real_fake_doors,
          serial_rivers, chequers_serial_rivers_micro_c,
          chequers_serial_rivers_micro_d, chequers_serial_rivers_small_a,
          chequers_serial_rivers_large_a, chequers_serial_rivers_micro_c,
          chequers_serial_rivers_marsh, uniq_robin
D:5:      layout_gridville, mainiacjoe_overflow_divided_tiny
D:6:      nicolae_cairo_tiling_large_dashed, layout_basic, serial_shops,
          nicolae_shop_tiny_glass, st_stairs_9
D:7:      layout_basic, kennysheep_mini_moat, grunt_dithmenos_smoke,
          minmay_temple_entry_junction_2, lightli_ossuary_entry_decrepit_ruins,
          hellmonk_ghost_happy_afterlife, uniq_maggie
D:8:      layout_loops_corners, kennysheep_orc_sif_temple,
          mainiacjoe_overflow_brackets, grunt_lair_entry_orc_guard_hut
D:9:      layout_basic, enter_bailey_3, serial_shops, shop, uniq_pikel,
          uniq_jeremiah
Temple:   hellmonk_temple_of_storms

Skill      XL: |  1  2  3  4  5  6  7  8  9 10 |
---------------+-------------------------------+-----
Armour         | 1 2 3 4 5 6 7 8 |  8.2
Staves         | 3 4 5 6 |  6.4
Fighting       | 3 4 5 6 7 9 |  9.3
Invocations    | 2 6 7 |  7.3
Throwing       | |  1.7
Dodging        | |  2.6

Action                     |  1- 3 |  4- 6 |  7- 9 | 10-12 || total
---------------------------+-------+-------+-------+-------++-------
  Melee: Quarterstaff      |   124 |   177 |   333 |    58 ||   692
  Throw: Throwing net      |       |     3 |     3 |       ||     6
  Evoke: Wand              |       |       |     5 |       ||     5
    Use: Scroll            |     6 |     4 |     5 |     1 ||    16
         Potion            |       |     1 |     4 |       ||     5
   Stab: Sleeping          |       |     1 |       |       ||     1
         Held in net/web   |       |       |     1 |       ||     1
 Armour: Leather armour    |    86 |   229 |       |       ||   315
         Plate armour      |       |    20 |   638 |   102 ||   760
  Dodge: Dodged            |    90 |   254 |   170 |    31 ||   545

Table legend: (Time is in decaauts)
 A = Elapsed time spent in this place.
 B = Non-inter-level travel time spent in this place.
 C = Inter-level travel time spent in this place.
 D = Time resting spent in this place.
 E = Time spent auto-exploring this place.
 F = Levels seen in this place.
 G = Mean time per level.
                   A        B        C        D        E       F      G
               +--------+--------+--------+--------+--------+-----+--------+
         Total |  10904 |  10686 |    218 |   3096 |   5815 |  11 |  991.3 |
       Dungeon |  10623 |  10405 |    218 |   3096 |   5680 |   9 | 1180.3 |
        Temple |      1 |      1 |      0 |      0 |      0 |   1 |    1.0 |
       Ossuary |    278 |    278 |      0 |      0 |    135 |   1 |  278.0 |
               +--------+--------+--------+--------+--------+-----+--------+

Top non-repeatable levels by time:
     D:8: 2388 daAuts
     D:3: 1663 daAuts
     D:7: 1361 daAuts
     D:6: 1200 daAuts
     D:4: 1010 daAuts
     D:5: 932 daAuts
     D:2: 877 daAuts
     D:1: 815 daAuts
     D:9: 373 daAuts
 Ossuary: 278 daAuts
  Temple: 1 daAuts

Levels and vault maps discovered:
D:1:      lemuel_arrival_hallway, layout_loops_cross
D:2:      layout_basic, serial_shops, shop
D:3:      layout_rooms, mainiacjoe_overflow_small_starburst,
          grunt_temple_overflow_cloverleaf, minmay_misc_feat_five,
          kennysheep_generic_room_10
D:4:      layout_cave_pools, serial_shops, nicolae_shop_tiny_real_fake_doors,
          serial_rivers, chequers_serial_rivers_micro_c,
          chequers_serial_rivers_micro_d, chequers_serial_rivers_small_a,
          chequers_serial_rivers_large_a, chequers_serial_rivers_micro_c,
          chequers_serial_rivers_marsh, uniq_robin
D:5:      layout_gridville, mainiacjoe_overflow_divided_tiny
D:6:      nicolae_cairo_tiling_large_dashed, layout_basic, serial_shops,
          nicolae_shop_tiny_glass, st_stairs_9
D:7:      layout_basic, kennysheep_mini_moat, grunt_dithmenos_smoke,
          minmay_temple_entry_junction_2, lightli_ossuary_entry_decrepit_ruins,
          hellmonk_ghost_happy_afterlife, uniq_maggie
D:8:      layout_loops_corners, kennysheep_orc_sif_temple,
          mainiacjoe_overflow_brackets, grunt_lair_entry_orc_guard_hut
D:9:      layout_basic, enter_bailey_3, serial_shops, shop, uniq_pikel,
          uniq_jeremiah
Temple:   hellmonk_temple_of_storms

Table legend: (Time is in decaauts)
 A = Elapsed time spent in this place.
 B = Non-inter-level travel time spent in this place.
 C = Inter-level travel time spent in this place.
 D = Time resting spent in this place.
 E = Time spent auto-exploring this place.
 F = Levels seen in this place.
 G = Mean time per level.
                   A        B        C        D        E       F      G
               +--------+--------+--------+--------+--------+-----+--------+
         Total |  10904 |  10686 |    218 |   3096 |   5815 |  11 |  991.3 |
       Dungeon |  10623 |  10405 |    218 |   3096 |   5680 |   9 | 1180.3 |
        Temple |      1 |      1 |      0 |      0 |      0 |   1 |    1.0 |
       Ossuary |    278 |    278 |      0 |      0 |    135 |   1 |  278.0 |
               +--------+--------+--------+--------+--------+-----+--------+

Top non-repeatable levels by time:
     D:8: 2388 daAuts
     D:3: 1663 daAuts
     D:7: 1361 daAuts
     D:6: 1200 daAuts
     D:4: 1010 daAuts
     D:5: 932 daAuts
     D:2: 877 daAuts
     D:1: 815 daAuts
     D:9: 373 daAuts
 Ossuary: 278 daAuts
  Temple: 1 daAuts

Table legend:
 A = Kills in this place as a percentage of kills in the entire game.
 B = Kills by you in this place as a percentage of kills by you in the entire game.
 C = Kills by friends in this place as a percentage of kills by friends in the entire game.
 D = Other kills in this place as a percentage of other kills in the entire game.
 E = Experience gained in this place as a percentage of experience gained in the entire game.
 F = Experience gained in this place divided by the number of levels of this place that you have seen.
                   A       B       C       D       E      F
               +-------+-------+-------+-------+-------+----------------------
         Total | 100.0 | 100.0 |   N/A |   N/A | 100.0 | 667.5
       Dungeon |  87.2 |  87.2 |   N/A |   N/A |  93.1 | 759.8
       Ossuary |  12.8 |  12.8 |   N/A |   N/A |   6.9 | 504.0
               +-------+-------+-------+-------+-------+----------------------
